AoeStats
← Franz Rupersky

Arena

509724773Analyzed
3v3 RM · 5d ago on Sep 27, 2026· 46m 19s· 6 players
Game mode
Random Map
Map size
Normal (6 player)
Population
200
Speed
Normal
Resources
Standard
Victory
Conquest
Starting age
Dark Age
Ending age
Imperial Age
RankedLock teamsTeams togetherTeam positionsShared explorationLock speedFull tech treeHidden civsTurbo modeCheats
Victory
Defeat
🇪🇸 Spanish · Spain
930
+13
🇩🇪 Slavs · Germany
911
+14
🇷🇺 Turks · Russia
852
+16
🇨🇴 Bohemians · Colombia
985
-19
🇨🇴 Vietnamese · Colombia
802
-12
🇨🇴 Lithuanians · Colombia
800
-12
Wurzelsepp
11:21 Feudal Age
15:12 Castle Age
13:34 Loom
13:55 Double-Bit Axe
13:59 Horse Collar
14:30 Town Watch
16:12 Bow Saw
21:02 Heavy Plow
22:01 Wheelbarrow
22:55 Fletching
24:00 Hand Cart
24:20 Town Watch
26:09 Scale Barding Armor
27:00 Gold Mining
32:50 Imperial Age
31:03 Ballistics
30:41 Bodkin Arrow
31:02 Masonry
31:06 Forging
31:31 Detinets
31:53 Chain Barding Armor
32:52 Iron Casting
33:11 Fortified Wall
34:24 Conscription
34:44 Plate Barding Armor
34:27 Siege Engineers
33:52 Capped Ram
35:19 Crop Rotation
35:52 Two-Man Saw
36:20 Blast Furnace
36:39 Gold Shaft Mining
36:26 Stone Mining
36:02 Elite Boyar
38:50 Bloodlines
38:41 Husbandry
40:11 Onager
42:26 Siege Onager
manu_11292
0:31 Loom
11:17 Feudal Age
13:00 Wheelbarrow
12:22 Double-Bit Axe
12:20 Horse Collar
20:06 Castle Age
20:02 Gold Mining
20:37 Forging
21:04 Scale Barding Armor
28:20 Imperial Age
26:51 Chain Barding Armor
29:16 Hand Cart
29:15 Cavalier
32:04 Bloodlines
32:55 Iron Casting
35:40 Husbandry
37:54 Plate Barding Armor
39:14 Elite Conquistador
45:04 Blast Furnace
44:17 Paladin
Aleksjar
10:43 Feudal Age
11:26 Double-Bit Axe
16:36 Castle Age
15:51 Horse Collar
17:27 Heavy Plow
17:42 Bow Saw
19:56 Gold Mining
22:28 Wheelbarrow
23:34 Hand Cart
23:07 Loom
23:58 Ballistics
26:57 Imperial Age
24:46 Loom
24:46 Town Watch
25:42 Gold Shaft Mining
26:20 Town Patrol
26:58 Padded Archer Armor
28:53 Leather Archer Armor
30:43 Two-Man Saw
31:49 Ring Archer Armor
32:50 Artillery
37:10 Elite Janissary
42:51 Stone Mining
43:20 Caravan
OMAR101226
3:53 Loom
12:17 Feudal Age
12:50 Horse Collar
12:57 Double-Bit Axe
20:28 Castle Age
20:00 Wheelbarrow
21:29 Bow Saw
22:02 Heavy Plow
21:48 Pikeman
22:30 Squires
24:43 Chemistry
26:22 Ballistics
26:31 Hand Cart
26:21 Arson
31:37 Imperial Age
33:35 Two-Man Saw
42:53 Light Cavalry
43:33 Husbandry
TioMakario
9:15 Loom
11:00 Feudal Age
18:12 Castle Age
16:49 Wheelbarrow
16:00 Town Watch
19:45 Husbandry
23:17 Fletching
26:42 Bloodlines
32:03 Hill Forts
32:39 Ballistics
32:01 Treadmill Crane
32:54 Padded Archer Armor
38:10 Imperial Age
39:53 Chemistry
39:02 Cavalier
40:46 Thumb Ring
40:57 Light Cavalry
44:10 Winged Hussar
46:04 Tower Shields
Franz Rupersky
8:03 Loom
9:49 Feudal Age
10:48 Double-Bit Axe
10:44 Horse Collar
12:55 Gold Mining
17:11 Wheelbarrow
16:45 Fletching
19:51 Padded Archer Armor
22:04 Castle Age
22:27 Crossbowman
24:15 Thumb Ring
24:19 Bodkin Arrow
24:49 Stone Mining
25:36 Bow Saw
25:28 Heavy Plow
28:34 Ballistics
28:35 Fortified Wall
28:53 Leather Archer Armor
29:06 Hand Cart
28:37 Town Watch
28:54 Treadmill Crane
34:47 Town Patrol
38:46 Imperial Age
37:45 Husbandry
38:50 Arbalester
39:34 Bracer
40:05 Ring Archer Armor
39:45 Forging
39:43 Elite Fire Lancer
40:30 Arson
40:46 Squires
41:23 Masonry
42:16 Chemistry
42:12 Scale Mail Armor
42:32 Chatras
42:55 Paper Money
42:41 Pikeman
44:28 Hoardings
43:30 Halberdier
Connection lost

Rejoining the realm…

Still unreachable

The connection could not be restored.

Session expired

The server has moved on; the page needs a fresh start.